 Dungeon Crawl Stone Soup version 0.31-a0-881-ge136f0c47a (webtiles) character file.

Game seed: 1423223057431458716

56 DocEon the Cudgeller (level 3, -1/23 HPs)
             Began as a Gargoyle Fighter on Oct 16, 2023.
             Killed from afar by an orc wizard (2 damage)
             ... with a magic dart
             ... on level 3 of the Dungeon.
             The game lasted 00:01:26 (977 turns).

DocEon the Cudgeller (Gargoyle Fighter)              Turns: 977, Time: 00:01:27

Health: -1/23      AC: 14    Str: 19    XL:     3   Next: 95%
Magic:  3/3        EV:  5    Int:  8    God:
Gold:   16         SH:  4    Dex: 11    Spells: 2/2 levels left

rFire   . . .        a - +1 flail
rCold   . . .        c - +0 buckler
rNeg    + . .        g - +0 plate armour
rPois   ∞            (no helmet)
rElec   +            (no cloak)
rCorr   .            (no gloves)
SInv    .            (no boots)
Will    .....        (no amulet) Stlth
                     (no ring)
HPRegen 0.23/turn    (no ring)
MPRegen 0.08/turn

%: no passive effects
@: no status effects
A: sickness immunity, AC +3, negative energy resistance 1, electricity
resistance, torment resistance 1, petrification resistance
a: no special abilities


You were on level 3 of the Dungeon.
You visited 1 branch of the dungeon, and saw 3 of its levels.

You collected 16 gold pieces.

Inventory:

Hand Weapons
 a - a +1 flail (weapon)
Missiles
 h - 5 boomerangs (quivered)
Armour
 b - a +0 scale mail
 c - a +0 buckler (worn)
 g - a +0 plate armour (worn)
Scrolls
 e - a scroll of enchant weapon
Potions
 d - a potion of might
 f - a potion of curing {unknown}
 j - a potion of resistance {unknown}


   Skills:
 - Level 3.2 Fighting
 + Level 4.1 Maces & Flails
 - Level 3.2 Armour
 - Level 3.2 Shields


You had 2 spell levels left.
You didn't know any spells.
Your spell library was empty.

Dungeon Overview and Level Annotations

Branches:
Dungeon (3/15)

Altars:


Innate Abilities, Weirdness & Mutations

You are immune to sickness and miasma.
Your stone body is resilient. (AC +3)
You are immune to poison.
You resist negative energy. (rN+)
You are resistant to electric shocks. (rElec)
You are resistant to unholy torment.
You are immune to petrification.


Message History

You kill the ball python!
You see here a jackal corpse.
You start resting.
An orc wizard comes into view. It is wielding a +0 dagger.
An orc wizard is nearby!
The orc wizard shouts!
You hear a shout!
An orc priest comes into view. It is wielding a +0 mace.
You see here a jackal corpse.
An orc comes into view. It is wielding a +0 falchion.
You see here a quokka corpse.
Things that are here:
a +0 flail; a +0 ring mail; an orc corpse You see here a +0 flail.
You start resting.
An orc wizard is nearby!
The orc wizard points at you and mumbles some strange words.
The puff of flame hits you.
Things that are here:
a +0 flail; a +0 ring mail; an orc corpse You hit the orc wizard.
The orc wizard is moderately wounded.
You barely miss the orc wizard.
The orc wizard is moderately wounded.
The orc wizard hits you but does no damage. x2
The orc priest casts a cantrip, but nothing happens.
You completely miss the orc priest. The orc priest barely misses you.
The orc wizard hits you but does no damage.
You barely miss the orc priest.
The orc priest calls down the wrath of Beogh upon you.
Beogh smites you!
Ouch! That really hurt!
* * * LOW HITPOINT WARNING * * *
The orc wizard hits you but does no damage.
You completely miss the orc priest.
The orc priest mumbles some strange prayers to Beogh against you.
Pain shoots through your body!
* * * LOW HITPOINT WARNING * * *
The orc wizard points at you and mumbles some strange words.
The magic dart hits you.
You die...

#.# ...
#.####
#.#..#
#.#..# #
#.#..#.#
#.#..#.##.#
#)#<......#
#@##†#......
#oo†.# #..##
####.# ...
#.# # #o#
... .o. ....
..o..


You could see an orc priest and an orc wizard.

Vanquished Creatures
  A gnoll (D:3)
  An adder (D:1)
  A worm (D:2)
  A dart slug (D:2)
  An orc (D:3)
  An endoplasm (D:2)
  3 giant cockroaches
  2 goblins (D:1)
  3 hobgoblins (D:1)
  5 jackals
  3 quokkas
  A ball python (D:3)
  3 bats
  A frilled lizard (D:1)
  2 rats (D:1)
29 creatures vanquished.

Notes
Turn   | Place    | Note
-------+----------+-------------------------------------------
     0 | D:1      | DocEon the Gargoyle Fighter began the quest for the Orb.
     0 | D:1      | Reached XP level 1. HP: 14/14 MP: 1/1
   154 | D:1      | Reached XP level 2. HP: 19/19 MP: 2/2
   603 | D:2      | Reached skill level 3 in Maces & Flails
   608 | D:1      | Reached XP level 3. HP: 6/23 MP: 3/3
   913 | D:3      | Reached skill level 4 in Maces & Flails
   977 | D:3      | HP: 1/23 [orc priest/nerve-wracking pain (4)]
   977 | D:3      | Killed from afar by an orc wizard

Illustrated notes

Levels and vault maps discovered:
D:1:      lightli_arrival_noodles, layout_rooms
D:2:      layout_rooms, chequers_ecumenical_altar_simple, basic_altar,
          serial_glass, glass_columns_b, glass_columns_b,
          minmay_strange_pillars, hangedman_decor_riveting, grunt_decor_clamped
D:3:      layout_basic, item_on_display_a

Skill      XL: |  1  2  3 |
---------------+----------+-----
Maces & Flails | 3 4 |  4.1
Fighting       | |  3.2
Armour         | |  3.2
Shields        | |  3.2

Action                     || total
---------------------------++-------
  Melee: Flail             ||    84
  Throw: Boomerang         ||     5
    Use: Scroll            ||     4
 Armour: Scale mail        ||    71
         Plate armour      ||    28
  Dodge: Dodged            ||    49
  Block: Buckler           ||    21

Table legend: (Time is in decaauts)
 A = Elapsed time spent in this place.
 B = Non-inter-level travel time spent in this place.
 C = Inter-level travel time spent in this place.
 D = Time resting spent in this place.
 E = Time spent auto-exploring this place.
 F = Levels seen in this place.
 G = Mean time per level.
                   A        B        C        D        E       F      G
               +--------+--------+--------+--------+--------+-----+--------+
         Total |   1001 |    908 |     93 |    212 |    459 |   3 |  333.7 |
       Dungeon |   1001 |    908 |     93 |    212 |    459 |   3 |  333.7 |
               +--------+--------+--------+--------+--------+-----+--------+

Top non-repeatable levels by time:
     D:1: 683 daAuts
     D:2: 233 daAuts
     D:3: 84 daAuts
